 Dungeon Crawl Stone Soup version 0.20-b1-14-g8425815 (webtiles) character file.

164 tof the Skirmisher (level 5, -8/44 HPs)
             Began as a Barachi Monk on May 23, 2017.
             Killed by divine providence
             ... invoked by an orc priest
              (11 damage)
             ... on level 3 of the Dungeon.
             The game lasted 00:04:26 (1710 turns).

tof the Skirmisher (Barachi Monk)                   Turns: 1710, Time: 00:04:27

Health: -8/44      AC:  6    Str: 12    XL:     5   Next: 45%
Magic:  5/5        EV: 10    Int: 10    God:
Gold:   140        SH:  0    Dex: 16    Spells: 4/4 levels left

rFire    + . .     SeeInvis .   a - +0 war axe
rCold    . . .     Gourm    .   (no shield)
rNeg     . . .     Faith    .   k - +0 scale mail
rPois    .         Spirit   .   (no helmet)
rElec    .         Reflect  .   (no cloak)
rCorr    .         Harm     .   (no gloves)
MR       .....                  (no boots)
Stlth    +.........             (no amulet)
Regen    0.2/turn               q - ring of protection from fire
MPRegen  0.1/turn               (no ring)

@: can't hop, slow
A: +LOS, swims, slowness 1, strong legs 1
a: Hop


You were on level 3 of the Dungeon.
You were hungry.

You visited 1 branch of the dungeon, and saw 3 of its levels.

You collected 140 gold pieces.

Inventory:

Hand Weapons
 a - a +0 war axe (weapon)
Armour
 k - a +0 scale mail (worn)
Jewellery
 q - a ring of protection from fire (left hand)
 r - a +2 amulet of reflection {unknown}
Scrolls
 b - a scroll of amnesia {unknown}
 e - 3 scrolls of identify {unknown}
 j - a scroll of remove curse {unknown}
 m - a scroll of enchant weapon {unknown}
 v - 2 scrolls of teleportation {unknown}
Potions
 d - 3 potions of heal wounds {unknown}
 f - a potion of mutation {unknown}
 g - a potion of resistance {unknown}
 l - a potion of curing {unknown}
 p - a potion of lignification {unknown}
 s - a potion of haste {unknown}
 t - a potion of cancellation {unknown}
 u - 2 potions of magic {unknown}
Comestibles
 c - 3 bread rations
 h - 2 royal jellies
 i - a meat ration
 n - 3 chunks of flesh
 o - 4 fruits


   Skills:
 * Level 5.1 Fighting
 * Level 4.9 Axes
 + Level 2.6 Armour
 - Level 3.2 Dodging
 - Level 1.7 Stealth


You had 4 spell levels left.
You didn't know any spells.

Dungeon Overview and Level Annotations

Branches:
Dungeon (3/15)

Altars:
Ashenzari
Okawaru
The Shining One


Innate Abilities, Weirdness & Mutations

Shadows flee at your approach. (+LOS)
You can swim through water.
You cover ground slowly.
You can hop short distances.


Message History

You barely miss the jackal. The jackal barely misses you.
The orc priest invokes the aid of Beogh against you.
Beogh smites you!
* * * LOW HITPOINT WARNING * * *
The jackal bites you.
* * * LOW HITPOINT WARNING * * *
A jackal comes into view.
The jackal barks!
You hear a bark!
Fire/throw which item? (* to show all) (? for menu, Esc to quit)
Okay, then.
Hop to where?
Press: ? - help, Dir - move target cursor Boing!
The jackal bites you but does no damage. x2
The orc priest begins to cast a cantrip, but forgets the words!
The jackal closely misses you.
The jackal bites you but does no damage.
The orc priest calls down the wrath of Beogh upon you.
Beogh smites you!
You die...

#.# ### #)# #.#
##.##########.#
####.####.#........o..####.#
.........###.###o...h......#
####.####.#.## #h###########
#.#####.## #h# #....>.## #.#
## ######.# #h#
.########.### #@#
............# #.#
.#####..###.####.# .# #..#
#......# .# ##.###.######
.######.....# ..........###
.########## .#


You could see an orc priest and 3 jackals.

Vanquished Creatures
  An orc priest (D:3)
  An orc wizard (D:3)
  Terence (D:3)
  3 adders
  A worm (D:2)
  A dart slug (D:2)
  2 orcs (D:3)
  A ball python (D:1)
  8 bats
  2 giant cockroaches (D:2)
  7 goblins
  8 hobgoblins
  3 frilled lizards
  5 kobolds
  9 rats
53 creatures vanquished.

Notes
Turn   | Place    | Note
-------+----------+-------------------------------------------
     0 | D:1      | tof the Barachi Monk began the quest for the Orb.
     0 | D:1      | Reached XP level 1. HP: 18/18 MP: 1/1
   102 | D:1      | Found a glowing golden altar of the Shining One.
   121 | D:1      | Reached skill level 4 in Fighting
   146 | D:1      | Reached XP level 2. HP: 22/25 MP: 2/2
   478 | D:1      | Reached skill level 1 in Armour
   786 | D:2      | Reached XP level 3. HP: 25/30 MP: 3/3
  1149 | D:2      | Found an iron altar of Okawaru.
  1391 | D:2      | Reached XP level 4. HP: 34/38 MP: 4/4
  1518 | D:3      | Noticed Terence
  1531 | D:3      | Killed Terence
  1592 | D:3      | Found a shattered altar of Ashenzari.
  1682 | D:3      | Reached skill level 5 in Fighting
  1682 | D:3      | Reached XP level 5. HP: 43/44 MP: 5/5
  1700 | D:3      | HP: 2/44 [orc priest/divine providence (12)]
  1710 | D:3      | Killed from afar by an orc priest

Skill      XL: |  1  2  3  4 |
---------------+-------------+-----
Fighting       | 4 5 |  5.1
Armour         | 1 2 |  2.6
Axes           | 4 |  4.9
Dodging        | |  3.2
Stealth        | |  1.7

Action                   |  1- 3 |  4- 6 || total
-------------------------+-------+-------++-------
Melee: Hand axe          |    76 |       ||    76
       War axe           |    47 |    39 ||    86
 Abil: Hop               |       |     1 ||     1
 Stab: Sleeping          |     2 |       ||     2
  Eat: Chunk             |     2 |     1 ||     3
Armor: Robe              |    12 |       ||    12
       Scale mail        |    40 |    19 ||    59
       Leather armour    |     5 |       ||     5
Dodge: Dodged            |    93 |    20 ||   113
